 Dungeon Crawl Stone Soup version 0.30-a0-696-g2367cd04db (webtiles) character file.

Game seed: 2654063913133532769

419 Woods the Sneak (level 6, -3/42 HPs)
             Began as an Octopode Hedge Wizard on Jan 21, 2023.
             Was an Initiate of Ashenzari.
             Succumbed to Edmund's poison
             ... on level 5 of the Dungeon.
             The game lasted 00:16:28 (5020 turns).

Woods the Sneak (Octopode Hedge Wizard)             Turns: 5020, Time: 00:16:28

Health: -3/42      AC:  1    Str: 10    XL:     6   Next: 93%
Magic:  1/14       EV: 13    Int: 18    God:    Ashenzari [......]
Gold:   272        SH:  0    Dex: 11    Spells: 5/15 levels left

rFire   . . .      SeeInvis .    y - +2 quarterstaff (chaos)
rCold   . . .      Faith    .    (shield currently unavailable)
rNeg    . . .      Spirit   +    b - +0 hat
rPois   .          Reflect  .    n - amulet "Lashed Jealousy" {Spirit, Self, Alch} (curse)
rElec   .          Harm     .    (no ring)
rCorr   .          Rampage  .    (no ring)
Will    .....                    (no ring)
Stlth   ++++                     (no ring)
HPRegen 0.27/turn                (no ring)
MPRegen 0.14/turn                (no ring)
                                 (no ring)
                                 (no ring)

@: lethally poisoned (-3 -> -49)
A: almost no armour, amphibious, 8 rings, camouflage 1, gelatinous body 1,
(nimble swimmer 1), tentacles
a: Renounce Religion, Shatter the Chains


You were on level 5 of the Dungeon.
You worshipped Ashenzari.
Ashenzari was noncommittal.
You visited 2 branches of the dungeon, and saw 6 of its levels.

You collected 272 gold pieces.

Inventory:

Hand Weapons
 a - a +0 dagger
 y - a +2 quarterstaff of chaos (weapon)
Armour
 b - a +0 hat (worn)
Jewellery
 f - a ring of ice
 n - the cursed amulet "Lashed Jealousy" (around mantle) {Spirit, Self, Alch}
   (You found it on level 2 of the Dungeon)

   [amulet of guardian spirit]

   It causes incoming damage to be divided between your reserves of health and
   magic.
   It has a curse which improves the following skills: Introspection: Fighting
   and Spellcasting.
   Alchemy:   Poison Magic and Transmutations.
 w - a ring of ice
Wands
 o - a wand of iceblast (13)
 q - a wand of quicksilver (9)
 u - a wand of polymorph (6)
Scrolls
 d - 10 scrolls of identify {unknown}
 g - 2 scrolls of fear {unknown}
 j - a scroll of fog {unknown}
 m - 2 scrolls of immolation {unknown}
 p - a scroll of amnesia {unknown}
 r - a scroll of brand weapon {unknown}
 v - a scroll of enchant armour {unknown}
 x - a scroll of enchant weapon {unknown}
Potions
 c - a potion of magic
 e - 2 potions of might {unknown}
 h - 2 potions of heal wounds {unknown}
 i - 3 potions of curing {unknown}
 k - a potion of degeneration {unknown}
 l - 2 potions of attraction {unknown}
 s - a potion of cancellation {unknown}
 t - a potion of brilliance {unknown}


   Skills:
 + Level 3.0(3.4) Fighting
 - Level 3.0 Dodging
 - Level 5.0 Stealth
 - Level 5.0(5.4) Spellcasting
 - Level 1.4 Conjurations
 - Level 1.3 Summonings
 - Level 1.3 Translocations


You had 5 spell levels left.
You knew the following spells:

 Your Spells              Type           Power      Damage    Failure   Level
a - Magic Dart            Conj           40%        1d5       7%          1
b - Call Imp              Summ           9%         N/A       12%         2
c - Blink                 Tloc           18%        N/A       12%         2
d - Cigotuvi's Dreadful   Necr/Pois/Air  8%         N/A       19%         2
e - Mephitic Cloud        Conj/Pois/Air  6%         N/A       30%         3

Your spell library contained the following spells:

 Spells                   Type           Power      Damage    Failure   Level
 Slow                     Hex            16%        N/A       13%         1
 Dispel Undead            Necr           4%         3d7       77%         4
 Death Channel            Necr           2%         N/A       100%        6


Dungeon Overview and Level Annotations

Branches:
Dungeon (5/15)             Temple (1/1) D:4

Altars:
Ashenzari
Cheibriados
Elyvilon
Gozag
Makhleb
Ru
Uskayaw
Zin

Annotations:
D:4 Eustachio
D:5 exclusion: ice beast, Edmund


Innate Abilities, Weirdness & Mutations

You cannot wear most types of armour.
You are amphibious.
You can wear up to eight rings at the same time.
Your skin changes colour to match your surroundings (Stealth+).
Your rubbery body absorbs attacks. (AC +1, EV +1)
((You are camouflaged when in or above water. (Stealth+)))
You have tentacles for arms and can constrict up to eight enemies at once.


Message History

You see here an iguana corpse.
There is an open door here.
d - 10 scrolls labelled ERPHETZ MULL (gained 1)
Found an escape hatch in the ceiling.
There is an escape hatch in the ceiling here.
Found a stone staircase leading down.
Edmund the Younger comes into view.
He is wielding a +0 flail of venom and wearing a +1 scale mail of willpower.
The helpless Edmund fails to defend himself.
You sock Edmund! You burn Edmund. Your grab misses Edmund. You squeeze Edmund!
Edmund is heavily wounded.
Edmund hits you with a +0 flail of venom.
You are poisoned.
Edmund hits you with a +0 flail of venom!
You are more poisoned.
You completely miss Edmund. Your grab misses Edmund.
You squeeze Edmund, but do no damage.
Edmund is heavily wounded.
You feel extremely sick.
Edmund hits you with a +0 flail of venom!
You are lethally poisoned!
You closely miss Edmund. You grab Edmund.
Edmund is heavily wounded.
You constrict Edmund, but do no damage.
You feel extremely sick.
Edmund hits you with a +0 flail of venom!
* * * LOW HITPOINT WARNING * * *
You are more poisoned.
Casting: Mephitic Cloud (quite dangerous; 30% risk of failure)
Confirm with . or Enter, or press ? or * to list all spells.
The spell is quite dangerous to miscast (30% risk of failure)!
Continue anyway?
Aiming: Mephitic Cloud (quite dangerous; 30% risk of failure)
Press: ? - help, Shift-Dir - straight line, f - Edmund
Aim: Edmund, wielding a +0 flail of venom and wearing a +1 scale mail of willpower (heavily wounded, constricted by you, chance to affect: 81%) That beam is likely to hit you.
Continue anyway?
The ball explodes into a vile cloud!
The stinking cloud engulfs Edmund but does no damage.
Edmund is heavily wounded.
The stinking cloud engulfs you but does no damage.
You constrict Edmund, but do no damage.
You die...

#.# #.# #.# #.#
#.# #.###### #.#
#......# #.###
######.# #... #.#
#○.# #.# #@.#
######.######@○#
................#
####...........##
#.##>######## #.
#.# # #.# #.# #.#
#.


You could see Edmund.

Vanquished Creatures
  A scorpion (D:4)
  A hound (D:4)
  An orc priest (D:4)
  Crazy Yiuf (D:4)
  2 iguanas
  An orc wizard (D:4)
  Robin (D:3)
  4 adders
  2 gnolls (D:2)
  A worm (D:2)
  2 dart slugs
  8 orcs
  2 ball pythons
  5 endoplasms
  3 giant cockroaches
  11 hobgoblins
  10 jackals
  4 quokkas
  8 bats
  A frilled lizard (D:2)
  25 goblins
  7 kobolds
  8 rats
109 creatures vanquished.

Notes
Turn   | Place    | Note
-------+----------+-------------------------------------------
     0 | D:1      | Woods the Octopode Hedge Wizard began the quest for the
                  | Orb.
     0 | D:1      | Reached XP level 1. HP: 11/11 MP: 4/4
   134 | D:1      | Reached XP level 2. HP: 17/17 MP: 6/6
   749 | D:1      | Reached XP level 3. HP: 21/21 MP: 4/7
  1501 | D:2      | Reached XP level 4. HP: 27/27 MP: 3/9
  1746 | D:2      | Learned a level 2 spell: Call Imp
  1749 | D:2      | Learned a level 2 spell: Blink
  1752 | D:2      | Learned a level 2 spell: Cigotuvi's Dreadful Rot
  2852 | D:3      | Reached XP level 5. HP: 31/31 MP: 5/10
  3158 | D:3      | Noticed Robin
  3247 | D:2      | Learned a level 3 spell: Mephitic Cloud
  3433 | D:3      | Killed Robin
  3606 | D:4      | Reached skill level 5 in Stealth
  3656 | D:4      | Reached XP level 6. HP: 28/36 MP: 3/13
  3775 | D:4      | Found a staircase to the Ecumenical Temple.
  3801 | Temple   | Entered the Ecumenical Temple
  3808 | Temple   | Became a worshipper of Ashenzari the Shackled
  3826 | D:4      | Noticed Eustachio
  3849 | D:4      | Reached skill level 5 in Spellcasting
  3919 | D:4      | Found a runed translucent door.
  3920 | D:4      | Noticed Crazy Yiuf
  4000 | D:4      | Reached skill level 1 in Fighting
  4785 | D:4      | Killed Crazy Yiuf
  4834 | D:5      | Entered Level 5 of the Dungeon
  4834 | D:5      | Noticed an ice beast
  4859 | D:5      | Found a snail-covered altar of Cheibriados.
  4860 | D:5      | Found a white marble altar of Elyvilon.
  5015 | D:5      | Noticed Edmund
  5020 | D:5      | Succumbed to Edmund's poison

Illustrated notes

Levels and vault maps discovered:
D:1:      matt_arrival_debris, layout_basic, hangedman_decor_riveting,
          st_stairs_4
D:2:      layout_loops_ring
D:3:      kennysheep_goblin_castle, layout_rooms
D:4:      layout_loops_cross, minmay_temple_entry_offerings, uniq_eustachio,
          uniq_crazy_yiuf_cottage
D:5:      layout_loops_ring, gammafunk_temple_overflow_pools, uniq_pikel,
          uniq_edmund
Temple:   compressed_dpeg_circular_temple

Skill      XL: |  1  2  3  4  5  6 |
---------------+-------------------+-----
Stealth        | 3 4 5 |  5.0
Dodging        | 3 |  3.0
Spellcasting   | 4 5 |  5.0
Fighting       | 3 |  3.0
Conjurations   | |  1.4
Summonings     | |  1.3
Translocations | |  1.3

Action                   |  1- 3 |  4- 6 || total
-------------------------+-------+-------++-------
Melee: Dagger            |    37 |   149 ||   186
       Constrict         |    11 |    37 ||    48
       Tentacles         |    10 |    41 ||    51
       Punch             |       |     4 ||     4
       Quarterstaff      |       |     9 ||     9
 Cast: Magic Dart        |    50 |    90 ||   140
       Call Imp          |       |     4 ||     4
       Cigotuvi's Dreadf |       |     1 ||     1
       Mephitic Cloud    |       |     5 ||     5
Invok: Curse Item        |       |     1 ||     1
 Stab: Sleeping          |     1 |     9 ||    10
       Confused          |       |     2 ||     2
Armor: Skin              |     3 |    15 ||    18
Dodge: Dodged            |    30 |   125 ||   155

Table legend: (Time is in decaauts)
 A = Elapsed time spent in this place.
 B = Non-inter-level travel time spent in this place.
 C = Inter-level travel time spent in this place.
 D = Time resting spent in this place.
 E = Time spent auto-exploring this place.
 F = Levels seen in this place.
 G = Mean time per level.
                   A        B        C        D        E       F      G
               +--------+--------+--------+--------+--------+-----+--------+
         Total |   5019 |   4890 |    129 |    256 |   3282 |   6 |  836.5 |
       Dungeon |   5005 |   4876 |    129 |    256 |   3282 |   5 | 1001.0 |
        Temple |     14 |     14 |      0 |      0 |      0 |   1 |   14.0 |
               +--------+--------+--------+--------+--------+-----+--------+

Top non-repeatable levels by time:
     D:2: 1239 daAuts
     D:4: 1209 daAuts
     D:1: 1202 daAuts
     D:3: 1166 daAuts
     D:5: 188 daAuts
  Temple: 14 daAuts
